AoeStats
← POOPDAD

Arena

508020715Analyzed
4v4 RM · 13d ago on Sep 20, 2026· 52m 54s· 8 players
Game mode
Random Map
Map size
Large (8 player)
Population
200
Speed
Normal
Resources
Standard
Victory
Conquest
Starting age
Dark Age
Ending age
Imperial Age
RankedLock teamsTeams togetherTeam positionsShared explorationLock speedFull tech treeHidden civsTurbo modeCheats
Victory
Defeat
🇺🇸 Poles · United States
1072
+16
🇵🇰 Turks · Pakistan
1029
+17
🇪🇸 Aztecs · Spain
977
+20
🇧🇷 Huns · Brazil
977
+20
🇮🇳 Armenians · India
1088
-19
🇮🇳 Slavs · India
1050
-18
🇮🇳 Gurjaras · India
1049
-18
🇮🇳 Persians · India
1046
-18
jj.moreno.minas
10:33 Feudal Age
12:01 Horse Collar
12:08 Double-Bit Axe
18:40 Castle Age
18:42 Forging
18:33 Scale Mail Armor
18:49 Eagle Warrior
19:37 Squires
19:26 Arson
21:34 Gold Mining
25:44 Gold Shaft Mining
26:02 Heavy Plow
26:16 Bow Saw
31:59 Wheelbarrow
33:07 Pikeman
36:21 Imperial Age
34:26 Chain Mail Armor
34:46 Iron Casting
34:51 Fervor
37:25 Elite Eagle Warrior
39:11 Blast Furnace
38:42 Plate Mail Armor
43:12 Crop Rotation
43:48 Block Printing
43:45 Redemption
48:48 Garland Wars
51:09 Elite Jaguar Warrior
51:44 Loom
POOPDAD
10:31 Feudal Age
11:01 Double-Bit Axe
16:29 Castle Age
15:15 Horse Collar
22:29 Wheelbarrow
22:52 Loom
22:53 Town Watch
24:56 Fletching
25:12 Scale Barding Armor
26:30 Husbandry
31:39 Imperial Age
30:23 Hand Cart
30:50 Chain Barding Armor
30:40 Forging
30:26 Bodkin Arrow
31:04 Bloodlines
30:15 Light Cavalry
30:56 Arson
31:11 Squires
30:55 Treadmill Crane
31:36 Ballistics
31:26 Heavy Plow
31:43 Town Patrol
32:10 Scale Mail Armor
33:38 Chemistry
34:34 Iron Casting
34:58 Conscription
35:17 Lechitic Legacy
35:16 Chain Mail Armor
34:43 Elite Obuch
35:03 Winged Hussar
36:15 Bracer
36:47 Plate Mail Armor
37:17 Blast Furnace
36:16 Elite Skirmisher
37:03 Thumb Ring
37:34 Crossbowman
39:38 Padded Archer Armor
43:37 Hoardings
44:22 Fortified Wall
44:56 Murder Holes
45:25 Leather Archer Armor
46:56 Crop Rotation
51:55 Caravan
M.Zahd
13:08 Feudal Age
11:24 Loom
14:39 Horse Collar
14:45 Double-Bit Axe
14:55 Gold Mining
21:43 Castle Age
20:59 Wheelbarrow
23:20 Bow Saw
23:47 Gold Shaft Mining
23:16 Heavy Plow
26:34 Imperial Age
29:04 Artillery
38:27 Hand Cart
39:53 Bombard Tower
50:58 Murder Holes
50:46 Treadmill Crane
51:28 Ballistics
51:19 Masonry
51:03 Fletching
52:20 Stone Mining
52:30 Bodkin Arrow
Kelvin.rar
1:05 Loom
13:35 Feudal Age
15:06 Wheelbarrow
14:13 Horse Collar
14:20 Double-Bit Axe
14:27 Gold Mining
14:32 Stone Mining
22:39 Castle Age
22:30 Scale Barding Armor
22:36 Forging
25:06 Gold Shaft Mining
24:33 Heavy Plow
24:47 Bow Saw
31:21 Hand Cart
31:39 Chain Barding Armor
31:57 Iron Casting
35:05 Imperial Age
33:03 Husbandry
33:24 Bloodlines
33:26 Marauders
35:09 Elite Tarkan
36:11 Conscription
36:28 Plate Barding Armor
36:55 Blast Furnace
40:36 Light Cavalry
GuptasLegacy
9:51 Feudal Age
10:29 Horse Collar
10:35 Double-Bit Axe
17:57 Castle Age
19:20 Heavy Plow
19:31 Bow Saw
28:51 Imperial Age
26:58 Wheelbarrow
26:34 Town Watch
26:43 Gold Mining
26:44 Stone Mining
28:15 Hand Cart
28:01 Town Patrol
28:42 Stone Shaft Mining
28:10 Loom
29:34 Gold Shaft Mining
29:26 Siege Elephant
30:32 Forging
30:28 Scale Barding Armor
29:47 Heavy Camel Rider
30:38 Bloodlines
30:29 Husbandry
31:17 Crop Rotation
31:22 Conscription
32:03 Iron Casting
32:56 Frontier Guards
32:56 Elite Chakram Thrower
34:14 Chain Barding Armor
33:56 Scale Mail Armor
34:38 Thumb Ring
34:56 Kshatriyas
34:36 Elite Elephant Archer
36:59 Plate Barding Armor
36:16 Fletching
36:27 Padded Archer Armor
37:25 Padded Archer Armor
39:13 Bodkin Arrow
39:33 Leather Archer Armor
50:07 Bracer
50:22 Chain Mail Armor
50:25 Fortified Wall
50:35 Ballistics
51:07 Light Cavalry
Shanu
10:31 Feudal Age
10:57 Horse Collar
14:45 Loom
18:22 Castle Age
18:10 Double-Bit Axe
19:20 Heavy Plow
19:48 Squires
19:09 Pikeman
24:21 Wheelbarrow
24:58 Town Watch
26:20 Fortified Wall
28:16 Bow Saw
31:10 Imperial Age
29:55 Gold Mining
30:41 Scale Mail Armor
30:54 Forging
31:28 Masonry
32:18 Chain Mail Armor
33:40 Ballistics
34:38 Gold Shaft Mining
34:40 Conscription
34:11 Halberdier
35:10 Druzhina
37:38 Two-Man Saw
39:38 Capped Ram
41:00 Siege Ram
43:45 Heavy Scorpion
kundan
9:22 Feudal Age
16:25 Castle Age
14:51 Horse Collar
15:00 Double-Bit Axe
17:27 Bow Saw
17:55 Heavy Plow
23:41 Stone Mining
23:41 Gold Mining
25:41 Wheelbarrow
26:13 Stone Shaft Mining
26:15 Gold Shaft Mining
27:10 Loom
30:41 Husbandry
31:25 Forging
32:17 Hand Cart
33:08 Scale Barding Armor
33:38 Iron Casting
34:17 Bloodlines
37:23 Imperial Age
35:12 Kamandaran
37:32 Cavalier
38:39 Chain Barding Armor
39:21 Blast Furnace
38:56 Thumb Ring
38:12 Crossbowman
39:14 Citadels
39:45 Savar
42:53 Padded Archer Armor
42:44 Fletching
44:46 Leather Archer Armor
44:27 Bodkin Arrow
47:59 Ring Archer Armor
clueless
10:35 Feudal Age
15:16 Castle Age
14:07 Double-Bit Axe
14:07 Horse Collar
15:00 Man-at-Arms
18:11 Loom
19:02 Wheelbarrow
18:32 Long Swordsman
19:54 Bow Saw
21:44 Squires
21:33 Arson
23:44 Gambesons
23:22 Two-Handed Swordsman
24:03 Light Cavalry
24:44 Husbandry
25:35 Bloodlines
27:23 Fortified Wall
28:22 Scale Mail Armor
28:46 Forging
28:49 Scale Barding Armor
31:06 Iron Casting
41:27 Imperial Age
43:08 Imperial Age
Connection lost

Rejoining the realm…

Still unreachable

The connection could not be restored.

Session expired

The server has moved on; the page needs a fresh start.